 Dungeon Crawl Stone Soup version 0.17.1-1-g73c8601 (webtiles) character file.

2765 PossumBlood the Fighter (level 10, -3/93 HPs)
             Began as a Formicid Fighter on Dec 24, 2015.
             Was a Follower of Makhleb.
             Slain by Joseph
             ... wielding a +0 quarterstaff
              (7 damage)
             ... on level 7 of the Dungeon.
             The game lasted 00:19:31 (6710 turns).

PossumBlood the Fighter (Formicid Fighter)          Turns: 6710, Time: 00:19:31

Health: -3/93      AC: 15    Str: 24    XL:     10   Next: 1%
Magic:  10/10      EV:  5    Int: 10    God:    Makhleb [*.....]
Gold:   164        SH:  9    Dex: 10    Spells: 0 memorised, 9 levels left

rFire  . . .     SeeInvis +     a - +2 war axe
rCold  . . .     Clarity  .     s - +1 plate armour
rNeg   . . .     SustAt   .     c - +0 shield
rPois  .         Gourm    .     (helmet unavailable)
rElec  .         Spirit   .     (no cloak)
rCorr  +         Warding  .     b - +2 pair of gloves
rMut   .         Stasis   +     (no boots)
MR     +....                    o - amulet of resist corrosion
Stlth  ..........               x - +2 ring of intelligence
                                g - ring of invisibility

@: lethally poisoned (-3 -> -3), somewhat resistant to hostile enchantments,
extremely unstealthy
A: permanent stasis, dig shafts and tunnels, four strong arms, antennae 3
a: Dig, Shaft Self, Renounce Religion, Evoke Invisibility


You were on level 7 of the Dungeon.
You worshipped Makhleb.
Makhleb was aware of your devotion.
You were not hungry.

You visited 1 branch of the dungeon, and saw 7 of its levels.

You collected 308 gold pieces.
You spent 144 gold pieces at shops.

Inventory:

Hand Weapons
 a - a +2 war axe (weapon)
Missiles
 i - 11 tomahawks (quivered)
Armour
 b - a +2 pair of gloves (worn)
 c - a +0 shield (worn)
 q - an ice dragon hide
 s - a +1 plate armour (worn)
Rods
 w - a -3 rod of clouds (9/9)
   (You found it on level 3 of the Dungeon)
Jewellery
 g - a ring of invisibility (left hand)
 o - an amulet of resist corrosion (around neck)
 t - an uncursed amulet of the gourmand
 x - a +2 ring of intelligence (right hand)
Wands
 m - a wand of random effects (23)
 v - a wand of disintegration (24)
Scrolls
 f - 7 scrolls of remove curse
 k - 2 scrolls of fog
 p - a scroll of amnesia
 r - a scroll of recharging
Potions
 d - 4 potions of lignification
 j - a potion of mutation
 l - 6 potions of curing
 n - a potion of resistance
 u - a potion of agility {unknown}
 z - a potion of might
Comestibles
 e - 6 bread rations
 h - 4 meat rations


   Skills:
 * Level 13.9 Fighting
 - Level 2.0 Axes
 - Level 3.2 Armour
 - Level 3.6 Shields


You had 9 spell levels left.
You didn't know any spells.

Dungeon Overview and Level Annotations

Branches:
Dungeon (7/15)             Temple (0/1) D:6

Altars:
Makhleb
Qazlal
Sif Muna

Shops:
D:5 (!

Annotations:
D:7 Joseph, Prince Ribbit


Innate Abilities, Weirdness & Mutations

You are under a permanent stasis effect.
You can dig through walls and to a lower floor.
Your four strong arms can wield two-handed weapons with a shield.
You have a pair of large antennae on your head (SInv).


Message History

* * * LOW HITPOINT WARNING * * *
You slash Joseph!
Joseph is heavily wounded.
You feel sick. You block Joseph's attack. Joseph barely misses you.
You closely miss Joseph.
Joseph is heavily wounded.
You feel sick. Joseph hits you but does no damage.
You barely miss Joseph.
Joseph is heavily wounded.
You feel sick.
Joseph hits you with an uncursed quarterstaff.
* * * LOW HITPOINT WARNING * * *
You slice Joseph!!
Joseph is severely wounded.
You block Joseph's attack.
You hit Joseph.
Joseph is severely wounded.
You feel sick.
Joseph hits you with an uncursed quarterstaff!
You die...

#...# #...## #
#....## .##
.#.####.....##..#.
..........>.......
#............
#....=.......
#@###.####### #@#
#.# #.###.####
#........#########
#................#
..#
#........#######.#
#. #.####
#..............#.#
#.# #.#..
#........#####.#.#
#.# #.#.#
#........# #.# #.#
#...# #........#
#.#


You could see Joseph.

Vanquished Creatures
  Grinder (D:3)
  The ghost of futacatgirl the Slasher, an amateur DsGl (D:4)
  2 ice beasts
  4 phantoms
  A centaur (D:5)
  6 ogres
  An orc warrior (D:6)
  A giant frog (D:6)
  A scorpion (D:6)
  3 killer bees (D:7)
  A water moccasin skeleton (D:6)
  2 crimson imps (D:5)
  2 giant frog zombies
  2 hounds (D:5)
  A quasit (D:6)
  A jelly (D:6)
  3 orc wizards
  2 orc priests (D:4)
  A gnoll shaman (D:5)
  7 worker ants
  2 hound zombies (D:5)
  A hound skeleton (D:6)
  10 gnolls
  5 adders
  2 oozes
  An adder zombie (D:5)
  3 worms (D:2)
  3 giant geckos
  13 orcs
  A ball python (D:5)
  8 bats
  4 giant cockroaches
  5 goblins
  5 hobgoblins
  A giant gecko skeleton (D:6)
  5 giant newts
  2 jackals (D:4)
  A jackal zombie (D:6)
  4 kobolds
  3 quokkas
  9 rats
131 creatures vanquished.

Vanquished Creatures (others)
  3 jackals (D:6)
3 creatures vanquished.

Grand Total: 134 creatures vanquished

Notes
Turn   | Place    | Note
--------------------------------------------------------------
     0 | D:1      | PossumBlood the Formicid Fighter began the quest for the Orb.
     0 | D:1      | Reached XP level 1. HP: 18/18 MP: 1/1
   121 | D:1      | Reached XP level 2. HP: 19/25 MP: 2/2
   186 | D:1      | Reached skill level 4 in Fighting
   466 | D:1      | Reached XP level 3. HP: 31/31 MP: 3/3
   644 | D:2      | Found a deep blue altar of Sif Muna.
   667 | D:2      | Found a stormy altar of Qazlal.
   851 | D:2      | Reached skill level 5 in Fighting
  1303 | D:2      | Reached XP level 4. HP: 34/39 MP: 4/4
  1495 | D:3      | Noticed Grinder
  1517 | D:3      | Killed Grinder
  1517 | D:3      | Reached skill level 7 in Fighting
  1517 | D:3      | Reached XP level 5. HP: 29/48 MP: 5/5
  1517 | D:3      | Reached XP level 6. HP: 33/55 MP: 6/6
  2103 | D:4      | Noticed futacatgirl's ghost (amateur DsGl)
  2131 | D:4      | Killed futacatgirl's ghost
  2131 | D:4      | Reached skill level 8 in Fighting
  2131 | D:4      | Reached XP level 7. HP: 6/63 MP: 7/7
  2634 | D:4      | Reached skill level 9 in Fighting
  3011 | D:4      | HP: 2/64 [gnoll/spear (3)]
  3050 | D:4      | Reached XP level 8. HP: 8/72 MP: 8/8
  3368 | D:4      | Reached skill level 10 in Fighting
  3723 | D:5      | Entered Level 5 of the Dungeon
  3735 | D:5      | Found Careocw's Distillery.
  3748 | D:5      | Bought a potion of curing for 36 gold pieces
  3748 | D:5      | Bought a potion of curing for 36 gold pieces
  3748 | D:5      | Bought a potion of curing for 36 gold pieces
  3748 | D:5      | Bought a potion of lignification for 36 gold pieces
  4162 | D:5      | Reached skill level 11 in Fighting
  4367 | D:5      | Found Hegawit's Weapon Shop.
  4454 | D:5      | Found a burning altar of Makhleb.
  4465 | D:5      | Became a worshipper of Makhleb the Destroyer
  4575 | D:5      | Reached XP level 9. HP: 64/82 MP: 9/9
  4889 | D:6      | Reached skill level 12 in Fighting
  5276 | D:6      | Reached * piety under Makhleb
  5276 | D:6      | Reached skill level 13 in Fighting
  5279 | D:6      | HP: 4/85 [ogre/giant club (23)]
  5793 | D:6      | Found a staircase to the Ecumenical Temple.
  6608 | D:7      | Noticed Prince Ribbit
  6677 | D:7      | Noticed Joseph
  6701 | D:7      | Reached XP level 10. HP: 33/93 MP: 10/10
  6710 | D:7      | HP: 4/93 [poisoned by a killer bee]
  6710 | D:7      | Slain by Joseph

Action                   |  1- 3 |  4- 6 |  7- 9 | 10-12 || total
-------------------------+-------+-------+-------+-------++-------
Melee: War axe           |   102 |    72 |   395 |     9 ||   578
  Use: Scroll            |     1 |     6 |    12 |       ||    19
       Potion            |       |     1 |     3 |       ||     4
 Stab: Distracted        |       |       |     1 |       ||     1
  Eat: Bread ration      |     1 |       |     1 |       ||     2
       Royal jelly       |       |       |     3 |       ||     3
       Beef jerky        |       |       |     3 |       ||     3
       Fruit             |       |       |     1 |       ||     1
